 Dungeon Crawl Stone Soup version 0.26-a0-660-gc07710193c (webtiles) character file.

Game seed: 4360677261021415597

309927 washedup the Impregnable (level 20, -60/158 HPs)
             Began as a Deep Dwarf Fighter on Oct 8, 2020.
             Was the Champion of Makhleb.
             Killed from afar by Keelon the pandemonium lord (102 damage)
             ... with an orb of electricity
             ... on level 15 of the Dungeon.
             The game lasted 05:00:03 (7967 turns).

washedup the Impregnable (Deep Dwarf Fighter)       Turns: 7967, Time: 05:00:04

Health: -60/158    AC: 38    Str: 29    XL:     20   Next: 0%
Magic:  3/4        EV: 18    Int: 14    God:    Makhleb [******]
Gold:   27         SH: 16    Dex: 15    Spells: 19/19 levels left

rFire    + . .     SeeInvis .   y - +5 war axe (freeze)
rCold    + . .     Faith    +   c - +0 kite shield
rNeg     + + .     Spirit   .   v - +0 gold dragon scales
rPois    +         Reflect  .   t - +2 hat {MR+}
rElec    .         Harm     .   N - +2 cloak {rPois}
rCorr    .         Rampage  +   k - +2 pair of gloves
MR       +++++                  w - +2 pair of boots of a Labyrinth {Rampage *Slow MR+ Str+3}
Stlth    ..........             e - amulet of faith
HPRegen  0.00/turn              f - ring of Penun {+Blink rN+ Str+4 Int+3}
MPRegen  0.09/turn              u - +4 ring of evasion

@: non-regenerating, hasted, very quick
A: damage resistance, heal wounds, antennae 1, large bone plates 1, dopey 1,
frail 1, low mp 2, magic resistance 1, negative energy resistance 1, sense
surroundings 3, no regeneration
0: Orb of Zot
}: 3/15 runes: decaying, abyssal, gossamer
a: Heal Wounds, Minor Destruction, Lesser Servant of Makhleb, Major Destruction,
Greater Servant of Makhleb, Renounce Religion, Evoke Blink


You were on level 15 of the Dungeon.
You worshipped Makhleb.
Makhleb was exalted by your worship.
You visited 7 branches of the dungeon, and saw 37 of its levels.
You visited the Abyss 2 times.
You also visited: Sewer, Ossuary, Gauntlet and Ice Cave.

You collected 1148 gold pieces.
You spent 1121 gold pieces at shops.

Inventory:

Hand Weapons
 y - a +5 war axe of freezing (weapon)
 C - the +8 Wrath of Trog {antimagic, *Rage}
   (You found it in a Gauntlet)

   It reduces the magical energy of the wielder, and disrupts the spells and
   magical abilities of those hit.
   Natural abilities and divine invocations are not affected.
   It may make you go berserk in combat.
Armour
 a - a +3 plate armour of magic resistance
 c - a +0 kite shield (worn)
 k - a +2 pair of gloves (worn)
 r - a +1 helmet of see invisible
 t - a +2 hat of magic resistance (worn)
 v - +0 gold dragon scales (worn)
 w - the +2 pair of boots of a Labyrinth (worn) {Rampage *Slow MR+ Str+3}
   (You found it in a Gauntlet)

   It affects your strength (+3).
   It affects your resistance to hostile enchantments.
   It may slow you when you take damage.
   It bestows one free step when moving towards enemies.
 K - the +6 chain mail "Celox" {rElec Str-3 Dex+6 SInv}
   (You acquired it on level 4 of the Spider Nest)

   It affects your strength (-3).
   It affects your dexterity (+6).
   It insulates you from electricity.
   It lets you see invisible.
 N - a +2 cloak of poison resistance (worn)
Jewellery
 e - an amulet of faith (around neck)
 f - the ring of Penun (left hand) {+Blink rN+ Str+4 Int+3}
   (You found it in an ice cave)

   [ring of positive energy]

   It affects your strength (+4).
   It affects your intelligence (+3).
   It protects you from negative energy.
   It lets you blink.
 j - the cursed necklace of Bloodlust {*Rage +Rage MR++ Int-3 Slay+6 *Curse}
   (You found it in an ice cave)

   [amulet of nothing]

   It affects your intelligence (-3).
   It affects your accuracy and damage with ranged weapons and melee attacks
   (+6).
   It affects your resistance to hostile enchantments.
   It lets you go berserk.
   It may make you go berserk in combat.
   It curses itself when equipped.
   It has a curse placed upon it.
 s - a +6 ring of strength
 u - a +4 ring of evasion (right hand)
 z - an uncursed ring of flight
 G - a cursed -4 ring of dexterity {unknown}
 J - an uncursed ring of fire
 R - an uncursed ring of wizardry {unknown}
 S - the ring "Anethrez" {rElec rPois rN+ MR+++ Dex-4}
   (You bought it in a shop on level 5 of the Depths)

   [ring of positive energy]

   It affects your dexterity (-4).
   It insulates you from electricity.
   It protects you from poison.
   It protects you from negative energy.
   It affects your resistance to hostile enchantments.
Scrolls
 h - a scroll of brand weapon
 i - 2 scrolls of noise
 D - a scroll of random uselessness
Potions
 l - a potion of flight
 m - 3 potions of stabbing
 o - a potion of lignification
 p - a potion of brilliance
 Q - 6 potions of curing {@q1}
 Y - 2 potions of ambrosia
Miscellaneous
 n - a lightning rod (4/4)
 L - a tin of tremorstones (inert)
 U - a phial of floods (inert)


   Skills:
 - Level 10.0 Fighting
 * Level 20.0 Axes
 - Level 22.4 Armour
 - Level 15.3 Dodging
 - Level 7.0 Shields
 - Level 14.0 Invocations
 - Level 15.0 Evocations


You had 19 spell levels left.
You didn't know any spells.
Your spell library contained the following spells:

 Spells                   Type           Power        Failure   Level
 Blink                    Tloc           N/A          100%        2
 Gell's Gravitas          Tloc           #.........   100%        3
 Lesser Beckoning         Tloc           #.........   100%        3
 Teleport Other           Tloc           #.......     100%        3
 Passage of Golubria      Tloc           N/A          100%        4


Dungeon Overview and Level Annotations

Branches:
Dungeon (15/15)            Temple (1/1) D:6            Lair (3/6) D:11
  Swamp (4/4) Lair:2       Spider (4/4) Lair:2       Depths (5/5) D:15
    Zot (5/5) Depths:5      Sewer (visited)         Ossuary (visited)
  IceCv (visited)         Gauntlet (visited)
    Orc: D:9-12      Vaults: D:13-14

Altars:
Ashenzari
Cheibriados
Dithmenos
Elyvilon
Fedhas
Hepliaklqana
Kikubaaqudgha
Makhleb
Nemelex Xobeh
Sif Muna
Uskayaw
Yredelemnul
Zin

Shops:
D:8 !   D:13 [   Depths:5 }=}

Portals:
Hell: Depths:3
Abyss: Spider:4
Ziggurat: Depths:5

Annotations:
Depths:5 2 runed translucent doors, exclusion: upstairs


Innate Abilities, Weirdness & Mutations

You are resistant to damage.
You can heal yourself by infusing magical energy.
You resist negative energy. (rN+)
You passively map a large area around you.
You do not regenerate.
You have a pair of small antennae on your head.
You are partially covered in large bone plates. (SH +4)
You are dopey. (Int -2)
You are frail. (-10% HP)
Your magical capacity is very low. (-20% MP)
You are resistant to hostile enchantments. (MR+)


Message History

You feel much better. The smoke demon gestures at you. Something smites you!
You see here a +0 hand axe.
You see here a komodo dragon skeleton.
The hellwing swoops through the air toward you!
The hellwing hits you but does no damage.
The hellwing misses you.
The Brimstone Fiend calls on the powers of darkness!
Your body is wracked with pain!
You blink.
The Brimstone Fiend gestures at you.
The sphere of damnation explodes!
The damnation engulfs you!!
* * * LOW HITPOINT WARNING * * *
Your magical essence is drained by the effort!
You feel much better. Keelon gestures at you.
The orb of electricity explodes!
The orb of electricity engulfs you!!!!
Ouch! That really hurt!
You die...

#....88..8.8...# , *
, #....P..†....P.#*
* , #....P....3P.P8#
,, ,
#....P..&8P...## , *
###...........####
,,, ,
........[1).......
*.##..###).#######.
* * ,
**.##...§#÷.#######.
* *
........4.@........
, * .#, ,
...............### *
* * ..
...............# *,,
# .....##.[......# ,
,, #* ,, #+##.
#........# * # , . *
#, ########.# * * #
,.. #.# , ##.., *,
*,*########.# , ....
.# #........# , , ,


You could see Keelon, a Brimstone Fiend, a sun demon and a hellwing.

Vanquished Creatures
  the Lernaean hydra Frederick
  2 Killer Klowns
  A curse toe
  A golden dragon
  2 bone dragons Nikola Jorgrun
  6 tentacled monstrosities
  5 Orb Guardians
  The ghost of Exief the Covert, an adept GnWn of Ashenzari
  3 liches
  A titan
  2 sphinxes
  4 tentacled starspawn
  An Executioner
  5 storm dragons
  A thorn hunter
  4 draconian monks
  3 shadow dragons
  3 draconian knights
  3 frost giants
  2 draconian scorchers
  An iron dragon
  3 draconian stormcallers
  3 ghost moths
  3 emperor scorpions
  4 draconian annihilators
  5 draconian shifters
  A reaper
  The ghost of Himojimal the Cardsharp, a journeyman DsFi of Nemelex Xobeh
  8 very ugly things
  4 stone giants
  An entropy weaver Nessos
  The ghost of Roikka the Cleaver, a journeyman HOMo of Beogh
  2 vampire knights
  A minotaur
  4 red draconians
  6 purple draconians
  8 black draconians
  2 green draconians Azrael
  8 yellow draconians
  13 white draconians
  6 ettins
  7 fire dragons
  The ghost of Sugeo the Grappler, a journeyman TrMo of Ru
  A jiangshi
  4 yaktaur captains
  An ogre mage
  A great orb of eyes
  19 hydras
  2 ice dragons
  A catoblepas
  A rakshasa
  A monstrous demonspawn
  2 boulder beetles
  A shambling mangrove
  A centaur warrior
  9 two-headed ogres
  13 alligators
  3 deep troll shamans
  2 tengu warriors
  2 deep troll earth magi
  A vampire mage
  7 thrashing horrors
  2 spriggan berserkers
  4 spriggans
  6 spatial maelstroms
  A wretched star
  2 skeletal warriors
  4 unseen horrors
  A spriggan druid
  8 swamp dragons
  An obsidian statue
  2 flayed ghosts
  9 deep trolls
  A wizard
  3 phantasmal warriors
  A deep elf mage
  A shadow dragon skeleton
  A lindwurm
  A harpy (shapeshifter)
  A necromancer
  A fire giant zombie
  A manticore
  5 orb spiders
  2 ugly things
  21 wolf spiders
  6 moths of wrath
  A stone giant zombie
  An ice statue
  2 worldbinders
  An elephant
  A black mamba
  A black mamba (shapeshifter)
  2 gargoyles
  3 smoke demons
  A torpor snail
  7 cane toads
  2 centaur skeletons
  2 hellions
  4 yaktaurs
  An efreet
  A tormentor
  A kobold demonologist
  A freezing wraith
  2 komodo dragons
  10 demonic crawlers
  3 ancient zymes
  3 queen bees
  A yaktaur skeleton
  2 trolls
  8 jumping spiders
  8 tyrant leeches
  2 raiju
  5 large abominations
  14 hornets
  10 slime creatures
  16 bog bodies
  4 blink frogs
  A snapping turtle
  A redback (shapeshifter)
  A spriggan (shapeshifter)
  5 wraiths
  53 redbacks
  5 yaks
  3 shadows
  26 tarantellas
  A basilisk
  3 chaos spawn
  2 wyverns
  3 fire bats
  23 vampire mosquitoes
  A neqoxec
  An iron troll simulacrum
  8 insubstantial wisps
  11 spatial vortices
  A harpy simulacrum
  4 swamp worms
  An acid dragon
  2 soldier ants
  A sky beast
  4 hell hounds
  3 hydra simulacra
  5 water moccasins
  9 ice beasts
  4 orc warriors
  3 black bears
  9 swamp drakes
  6 ogres
  An ettin simulacrum
  2 phantoms
  6 wolves
  6 centaurs
  4 big kobolds
  2 water moccasin zombies
  15 bullfrogs
  A wyvern skeleton
  4 scorpions
  4 small abominations
  10 wights
  An electric eel
  A howler monkey
  2 crimson imps
  A lava snake
  A quasit
  A starcursed mass
  2 centaur zombies
  2 jellies
  4 orc priests
  7 orc wizards
  5 worker ants
  3 iguanas
  7 big kobold zombies
  2 mummies
  11 adders
  3 white imps
  An ufetubus
  14 oozes
  6 adder zombies
  5 worms
  A ball lightning
  10 leopard geckos
  23 orcs
  10 giant cockroaches
  A goblin
  6 jackals
  4 quokkas
  13 ball pythons
  14 frilled lizards
  A gnoll zombie
  7 hobgoblin zombies
  4 kobolds
  4 kobold zombies
  5 orc zombies
  A lurking horror
  9 starspawn tentacles
873 creatures vanquished.

Vanquished Creatures (collateral kills)
  A golden dragon
  An Executioner
  A cacodemon
  A very ugly thing
  An entropy weaver
  2 hydras
  A thrashing horror
  2 wretched stars
  2 orb spiders
  A wolf spider
  A moth of wrath
  An ugly thing
  A hellion
  4 demonic crawlers
  A jumping spider
  2 raiju
  A redback
  3 tarantellas
  A chaos spawn
  An acid dragon
  2 iron troll simulacra
  An insubstantial wisp
  A swamp worm
  A black bear
  An adder
35 creatures vanquished.

Vanquished Creatures (others)
  A draconian knight
  A green draconian
  A black draconian
  2 spark wasps
  An alligator
  A moth of wrath
  A jumping spider
  A raiju
  3 tarantellas
  A small abomination
  A dire elephant simulacrum
  A fire elemental
  A chaos spawn
  A vampire mosquito
  A hell hound
  A bullfrog
  An orc wizard
  An ufetubus
  7 ball lightnings
  An orc
  An orc zombie
  5 bushes
  17 fungi
  14 plants
  27 starspawn tentacles
  8 toadstools
  31 withered plants
132 creatures vanquished.

Grand Total: 1040 creatures vanquished

Notes
Turn   | Place    | Note
-------+----------+-------------------------------------------
     0 | D:1      | washedup the Deep Dwarf Fighter began the quest for the
                  | Orb.
     0 | D:1      | Reached XP level 1. HP: 20/20 MP: 1/1
     5 | D:1      | You fall into a shaft and drop 1 floor!
    21 | D:2      | Reached skill level 3 in Axes
    21 | D:2      | Reached XP level 2. HP: 22/27 MP: 2/2
    93 | D:3      | Reached XP level 3. HP: 23/33 MP: 3/3
   116 | D:3      | Reached skill level 4 in Axes
   117 | D:3      | Found a glowing drain.
   126 | Sewer    | Entered a sewer
   197 | Sewer    | Reached XP level 4. HP: 25/40 MP: 4/4
   225 | Sewer    | Reached skill level 5 in Axes
   324 | Sewer    | Reached XP level 5. HP: 42/46 MP: 5/5
   348 | Sewer    | Reached skill level 6 in Axes
   419 | D:4      | Noticed an ogre
   430 | D:4      | Reached skill level 7 in Axes
   430 | D:4      | Reached XP level 6. HP: 55/55 MP: 6/6
   458 | D:4      | Found a sand-covered staircase.
   471 | Ossuary  | Entered an ossuary
   510 | Ossuary  | Reached skill level 8 in Axes
   529 | Ossuary  | Reached XP level 7. HP: 41/61 MP: 7/7
   608 | Ossuary  | Reached skill level 9 in Axes
   771 | D:5      | Entered Level 5 of the Dungeon
   839 | D:6      | Reached skill level 3 in Fighting
   849 | D:6      | Found a staircase to the Ecumenical Temple.
   860 | Temple   | Entered the Ecumenical Temple
   868 | Temple   | Became a worshipper of Makhleb the Destroyer
   912 | D:6      | Reached skill level 4 in Armour
   941 | D:7      | Reached skill level 5 in Armour
   941 | D:7      | Reached XP level 8. HP: 47/69 MP: 8/8
  1022 | D:7      | Reached * piety under Makhleb
  1024 | D:7      | Reached skill level 10 in Axes
  1082 | D:7      | Reached skill level 4 in Fighting
  1126 | D:8      | Found Memoleul's Distillery.
  1146 | D:8      | Bought a potion of cancellation for 96 gold pieces
  1187 | D:8      | Reached skill level 11 in Axes
  1187 | D:8      | Reached skill level 6 in Armour
  1187 | D:8      | Gained mutation: You passively map the area around you.
                  | [Deep Dwarf growth]
  1187 | D:8      | Reached XP level 9. HP: 40/78 MP: 9/9
  1236 | D:9      | Noticed a troll
  1245 | D:9      | Killed a troll
  1255 | D:9      | Reached ** piety under Makhleb
  1276 | D:9      | You fall into a shaft and drop 2 floors!
  1279 | D:11     | Reached skill level 7 in Armour
  1283 | D:11     | Reached skill level 12 in Axes
  1309 | D:10     | Entered Level 10 of the Dungeon
  1384 | D:11     | Found a staircase to the Lair.
  1388 | D:11     | Reached skill level 5 in Fighting
  1429 | D:12     | Reached skill level 13 in Axes
  1456 | D:12     | Killed an unseen horror
  1456 | D:12     | Reached XP level 10. HP: 41/88 MP: 10/10
  1482 | D:12     | Noticed Jorgrun
  1489 | D:12     | Noticed Nessos
  1490 | D:12     | Reached *** piety under Makhleb
  1500 | D:12     | Noticed a two-headed ogre
  1503 | D:12     | Noticed Azrael
  1503 | D:12     | Noticed a two-headed ogre
  1504 | D:12     | HP: 10/88 [Jorgrun/iron shot (35)]
  1512 | D:12     | Reached skill level 1 in Invocations
  1513 | D:12     | Killed Jorgrun
  1513 | D:12     | Reached skill level 14 in Axes
  1513 | D:12     | Reached skill level 5 in Invocations
  1515 | D:12     | Killed a two-headed ogre
  1515 | D:12     | Killed Nessos
  1515 | D:12     | Reached skill level 15 in Axes
  1515 | D:12     | Reached skill level 8 in Armour
  1515 | D:12     | Reached XP level 11. HP: 94/94 MP: 9/13
  1520 | D:12     | Killed a two-headed ogre
  1526 | D:12     | Killed Azrael
  1526 | D:12     | Reached skill level 9 in Armour
  1566 | D:13     | Noticed a seven-headed hydra
  1573 | D:13     | Killed a seven-headed hydra
  1578 | D:13     | Found Kenenoy's Armour Boutique.
  1610 | D:13     | Reached skill level 6 in Fighting
  1621 | D:13     | Reached skill level 1 in Dodging
  1652 | D:13     | Noticed a boulder beetle
  1676 | D:13     | Killed an unseen horror
  1676 | D:13     | Reached skill level 2 in Dodging
  1694 | D:13     | Killed a boulder beetle
  1694 | D:13     | Reached skill level 3 in Dodging
  1760 | D:14     | Noticed a deep elf mage
  1777 | D:14     | Killed a deep elf mage
  1800 | D:13     | Noticed a tengu warrior
  1801 | D:13     | Noticed a tengu warrior
  1831 | D:13     | Killed a tengu warrior
  1831 | D:13     | Reached skill level 16 in Axes
  1849 | D:13     | Killed a tengu warrior
  1899 | D:13     | Found a gate leading to a gauntlet.
  1908 | Gauntlet | Entered a Gauntlet
  1908 | Gauntlet | Found a transporter.
  1911 | Gauntlet | Noticed a wizard
  1915 | Gauntlet | Found a transporter.
  1919 | Gauntlet | Killed a wizard
  1929 | Gauntlet | Noticed a soul eater
  1933 | Gauntlet | Found a transporter.
  1943 | Gauntlet | Noticed a catoblepas
  1945 | Gauntlet | Found a transporter.
  1953 | Gauntlet | Found a transporter.
  1954 | Gauntlet | Found a transporter.
  1954 | Gauntlet | Noticed an obsidian statue
  1955 | Gauntlet | Found a transporter.
  1955 | Gauntlet | Found a runed translucent door.
  1956 | Gauntlet | Noticed a glowing orange brain
  1972 | Gauntlet | Noticed a cyan ugly thing
  1980 | Gauntlet | Killed a catoblepas
  1980 | Gauntlet | Reached skill level 4 in Dodging
  1980 | Gauntlet | Reached XP level 12. HP: 56/106 MP: 11/11
  1982 | Gauntlet | Reached **** piety under Makhleb
  1985 | Gauntlet | Found a runed translucent door.
  1992 | Gauntlet | Found a transporter.
  1992 | Gauntlet | Found a transporter.
  1992 | Gauntlet | Found a transporter.
  2004 | Gauntlet | Reached skill level 10 in Armour
  2009 | Gauntlet | Got a pair of transparent boots
  2014 | Gauntlet | Identified the +2 pair of boots of a Labyrinth {Rampage
                  | *Slow MR+ Str+3} (You found it in a Gauntlet)
  2048 | Gauntlet | Noticed a minotaur
  2057 | Gauntlet | Killed a minotaur
  2061 | Gauntlet | Found the +8 Wrath of Trog {antimagic, *Rage}
  2070 | D:14     | Noticed a seven-headed hydra
  2083 | D:13     | Gained mutation: Your body sometimes deteriorates upon
                  | taking damage. [potion of mutation]
  2083 | D:13     | Gained mutation: You are partially covered in large bone
                  | plates. (SH +4) [potion of mutation]
  2083 | D:13     | Gained mutation: Your body often deteriorates upon taking
                  | damage. [potion of mutation]
  2083 | D:13     | Gained mutation: You have a pair of small antennae on your
                  | head. [potion of mutation]
  2084 | D:13     | Lost mutation: Your body often deteriorates upon taking
                  | damage. [potion of mutation]
  2084 | D:13     | Lost mutation: Your body sometimes deteriorates upon taking
                  | damage. [potion of mutation]
  2084 | D:13     | Gained mutation: You occasionally shout uncontrollably at
                  | your foes. [potion of mutation]
  2084 | D:13     | Gained mutation: You are resistant to hostile enchantments.
                  | (MR+) [potion of mutation]
  2084 | D:13     | Gained mutation: You are partially covered in slimy green
                  | scales. (AC +2) [potion of mutation]
  2113 | D:13     | Noticed a two-headed ogre
  2121 | D:13     | Killed a two-headed ogre
  2121 | D:13     | Reached skill level 4 in Shields
  2131 | D:13     | Reached skill level 1 in Evocations
  2151 | D:13     | Reached skill level 6 in Invocations
  2245 | D:11     | Found a runed translucent gate.
  2245 | D:11     | Found a runed translucent gate.
  2245 | D:11     | Found a runed translucent gate.
  2245 | D:11     | Noticed Sugeo's ghost (journeyman TrMo)
  2251 | D:11     | Reached skill level 2 in Evocations
  2274 | D:11     | Killed Sugeo's ghost
  2274 | D:11     | Reached skill level 7 in Fighting
  2277 | D:11     | Reached skill level 3 in Evocations
  2336 | D:9      | Got a faintly glowing leather armour
  2457 | Lair:1   | Entered Level 1 of the Lair of Beasts
  2457 | Lair:1   | Noticed a four-headed hydra
  2469 | Lair:1   | Killed a four-headed hydra
  2469 | Lair:1   | Reached skill level 4 in Evocations
  2485 | Lair:1   | Reached skill level 7 in Invocations
  2568 | Lair:2   | Reached skill level 5 in Evocations
  2568 | Lair:2   | Reached skill level 11 in Armour
  2591 | Lair:1   | You fall into a shaft and drop 1 floor!
  2623 | Lair:2   | Noticed Roikka's ghost (journeyman HOMo)
  2624 | Lair:2   | Noticed a six-headed hydra
  2630 | Lair:2   | Found a transporter.
  2630 | Lair:2   | Noticed a four-headed hydra
  2637 | Lair:2   | Killed a four-headed hydra
  2644 | Lair:2   | Reached skill level 6 in Evocations
  2645 | Lair:2   | Reached ***** piety under Makhleb
  2665 | Lair:2   | Found a transporter.
  2682 | Lair:2   | Reached skill level 8 in Invocations
  2683 | Lair:2   | Killed a six-headed hydra
  2684 | Lair:2   | Killed Roikka's ghost
  2684 | Lair:2   | Reached XP level 13. HP: 115/115 MP: 4/14
  2771 | Lair:3   | Reached skill level 9 in Invocations
  2815 | Lair:2   | Reached skill level 5 in Dodging
  2841 | Lair:2   | Found a staircase to the Swamp.
  2856 | Swamp:1  | Entered Level 1 of the Swamp
  2856 | Swamp:1  | Noticed a purple very ugly thing
  2868 | Swamp:1  | Killed a purple very ugly thing
  2868 | Swamp:1  | Reached skill level 10 in Invocations
  2901 | Swamp:1  | Identified the +1 leather armour of the Northern Lights
                  | {Rampage MR++ Regen+ Str-3} (You found it on level 9 of the
                  | Dungeon)
  2921 | Swamp:1  | Reached skill level 6 in Dodging
  2933 | Swamp:1  | Found a runed translucent gate.
  2934 | Swamp:1  | Found a runed translucent gate.
  2934 | Swamp:1  | Noticed Himojimal's ghost (journeyman DsFi)
  2935 | Swamp:1  | Found a runed translucent gate.
  2958 | Swamp:1  | Killed Himojimal's ghost
  2973 | Swamp:1  | Got a crude scimitar
  2981 | Swamp:1  | Reached skill level 7 in Dodging
  3000 | Swamp:2  | Reached skill level 11 in Invocations
  3008 | Swamp:2  | Reached skill level 12 in Armour
  3040 | Swamp:2  | Reached skill level 13 in Armour
  3092 | Swamp:2  | Reached skill level 8 in Dodging
  3177 | Swamp:4  | Entered Level 4 of the Swamp
  3208 | Swamp:4  | Reached skill level 12 in Invocations
  3210 | Swamp:4  | Noticed a thorn hunter
  3221 | Swamp:4  | Gained mutation: You resist negative energy. (rN+) [Deep
                  | Dwarf growth]
  3221 | Swamp:4  | Reached XP level 14. HP: 101/123 MP: 18/18
  3227 | Swamp:4  | Killed a thorn hunter
  3227 | Swamp:4  | Reached skill level 5 in Shields
  3227 | Swamp:4  | Reached ****** piety under Makhleb
  3274 | Swamp:4  | Noticed the 27-headed Lernaean hydra
  3278 | Swamp:4  | Reached skill level 6 in Shields
  3297 | Swamp:4  | Killed the 19-headed Lernaean hydra
  3297 | Swamp:4  | Reached skill level 7 in Shields
  3297 | Swamp:4  | Reached skill level 13 in Invocations
  3297 | Swamp:4  | Reached skill level 7 in Evocations
  3304 | Swamp:4  | Reached skill level 9 in Dodging
  3315 | Swamp:4  | Got a decaying rune of Zot
  3348 | Swamp:4  | Reached skill level 14 in Armour
  3376 | Swamp:4  | Reached skill level 10 in Dodging
  3409 | Swamp:4  | Identified the cursed +2 scimitar of Roaj {freeze, rPois
                  | Int+5} (You found it on level 1 of the Swamp)
  3494 | Swamp:3  | Reached skill level 15 in Armour
  3495 | Swamp:3  | Reached skill level 14 in Invocations
  3551 | Swamp:3  | Noticed Nikola
  3567 | Swamp:3  | Killed Nikola
  3567 | Swamp:3  | Reached skill level 8 in Fighting
  3567 | Swamp:3  | Reached XP level 15. HP: 132/132 MP: 19/19
  3629 | Swamp:1  | Reached skill level 16 in Armour
  3781 | Lair:2   | Found a hole to the Spider Nest.
  3787 | Spider:1 | Entered Level 1 of the Spider Nest
  3813 | Spider:1 | Reached skill level 17 in Armour
  3818 | Spider:1 | Reached skill level 8 in Evocations
  3953 | Spider:2 | Reached skill level 18 in Armour
  4056 | Spider:2 | Found a frozen archway.
  4093 | IceCv    | Entered an ice cave
  4112 | IceCv    | Got a crude platinum amulet
  4136 | IceCv    | Identified the amulet of Bosodo {RegenMP +Fly Str+3 Stlth+}
                  | (You found it in an ice cave)
  4169 | IceCv    | Found the cursed necklace of Bloodlust {*Rage +Rage MR++
                  | Int-3 Slay+6 *Curse}
  4182 | IceCv    | Got a scorched copper ring
  4182 | IceCv    | Identified the ring of Penun {+Blink rN+ Str+4 Int+3} (You
                  | found it in an ice cave)
  4236 | Spider:2 | Lost mutation: You occasionally shout uncontrollably at
                  | your foes. [potion of mutation]
  4236 | Spider:2 | Lost mutation: You are partially covered in slimy green
                  | scales. (AC +2) [potion of mutation]
  4236 | Spider:2 | Gained mutation: Your magical capacity is low. (-10% MP)
                  | [potion of mutation]
  4236 | Spider:2 | Gained mutation: Your mind is acute. (Int +2) [potion of
                  | mutation]
  4276 | Spider:4 | Entered Level 4 of the Spider Nest
  4290 | Spider:4 | Paralysed by a hornet for 3 turns
  4325 | Spider:4 | Found a transporter.
  4325 | Spider:4 | Noticed an Executioner
  4326 | Spider:4 | Noticed Exief's ghost (adept GnWn)
  4328 | Spider:4 | Identified 2 scrolls of acquirement
  4329 | Spider:4 | Acquired 611 gold pieces
  4330 | Spider:4 | Acquired the +6 chain mail "Celox" {rElec Str-3 Dex+6 SInv}
  4366 | Spider:4 | Found a transporter.
  4391 | Spider:4 | Found a one-way gate to the infinite horrors of the Abyss.
  4408 | Spider:4 | Noticed a tentacled starspawn
  4413 | Spider:4 | Killed an Executioner
  4425 | Spider:4 | Killed a tentacled starspawn
  4433 | Spider:4 | Killed Exief's ghost
  4505 | Spider:4 | Reached XP level 16. HP: 141/141 MP: 17/17
  4520 | Spider:4 | Reached skill level 9 in Evocations
  4582 | Spider:4 | Reached skill level 11 in Dodging
  4597 | Spider:4 | Reached skill level 9 in Fighting
  4648 | Spider:4 | Got a gossamer rune of Zot
  4767 | Spider:4 | Voluntarily entered the Abyss.
  4879 | Abyss:4  | Noticed a tentacled starspawn
  4887 | Abyss:4  | Killed a tentacled starspawn
  4918 | Abyss:4  | Reached skill level 10 in Evocations
  5089 | Abyss:4  | Noticed a bone dragon
  5099 | Abyss:5  | Entered Level 5 of the Abyss
  5162 | Abyss:5  | Reached skill level 17 in Axes
  5177 | Abyss:5  | Reached skill level 12 in Dodging
  5196 | Abyss:5  | Noticed a tentacled starspawn
  5225 | Abyss:5  | Noticed a bone dragon
  5264 | Abyss:5  | Got an abyssal rune of Zot
  5282 | Abyss:5  | Found a corrupted altar of Lugonu.
  5363 | Abyss:5  | Noticed a tentacled starspawn
  5369 | Abyss:5  | Noticed a tentacled starspawn
  5390 | Abyss:5  | Killed a tentacled starspawn
  5398 | Abyss:5  | Noticed a tentacled starspawn
  5410 | Abyss:5  | Noticed a tentacled starspawn
  5421 | Abyss:5  | Noticed a tentacled starspawn
  5441 | Spider:4 | Escaped the Abyss
  5537 | Spider:3 | Paralysed by a hornet for 1 turns
  5659 | D:12     | You fall into a shaft and drop 1 floor!
  5729 | D:15     | Entered Level 15 of the Dungeon
  5879 | D:15     | Reached skill level 13 in Dodging
  5896 | D:15     | Found a staircase to the Depths.
  5919 | Depths:1 | Entered Level 1 of the Depths
  5924 | Depths:1 | Noticed a lich
  5927 | Depths:1 | Noticed an Executioner
  5934 | Depths:1 | Killed a lich
  5934 | Depths:1 | Reached XP level 17. HP: 117/152 MP: 18/18
  5978 | Depths:2 | Reached skill level 10 in Fighting
  6012 | Depths:3 | Noticed a lich
  6021 | Depths:3 | Killed a lich
  6031 | Depths:3 | Found a gateway to Hell.
  6041 | Depths:3 | Reached skill level 18 in Axes
  6128 | Depths:4 | Noticed a tentacled monstrosity
  6137 | Depths:4 | Killed a tentacled monstrosity
  6160 | Depths:4 | Noticed a golden dragon
  6162 | Depths:4 | Noticed a titan
  6173 | Depths:4 | Noticed Frederick
  6176 | Depths:5 | Entered Level 5 of the Depths
  6188 | Depths:5 | Reached skill level 14 in Dodging
  6286 | Depths:4 | Killed a golden dragon
  6287 | Depths:4 | Reached skill level 19 in Axes
  6287 | Depths:4 | Reached skill level 15 in Dodging
  6288 | Depths:4 | Killed Frederick
  6289 | Depths:4 | Killed a titan
  6399 | Depths:5 | Noticed a bone dragon
  6434 | Depths:5 | Gained mutation: You passively map a large area around you.
                  | [Deep Dwarf growth]
  6434 | Depths:5 | Reached XP level 18. HP: 160/160 MP: 6/18
  6455 | Depths:5 | Noticed a lich
  6465 | Depths:5 | Killed a lich
  6465 | Depths:5 | Reached skill level 19 in Armour
  6471 | Depths:5 | Found Ebboffi's Gadget Boutique.
  6472 | Depths:5 | Found Roeckig's Jewellery Emporium.
  6473 | Depths:5 | Found Jacapid's Gadget Boutique.
  6480 | Depths:5 | Bought the ring "Anethrez" {rElec rPois rN+ MR+++ Dex-4}
                  | for 1025 gold pieces
  6528 | Depths:5 | Found a runed translucent door.
  6528 | Depths:5 | Found a runed translucent door.
  6546 | Depths:5 | Reached skill level 20 in Axes
  6570 | Depths:5 | Found a runed translucent door.
  6573 | Depths:5 | Found a runed translucent door.
  6578 | Depths:5 | Noticed a bone dragon
  6590 | Depths:5 | Killed a bone dragon
  6624 | Depths:5 | Reached skill level 20 in Armour
  6663 | Depths:5 | Found a runed translucent door.
  6666 | Depths:5 | Found a runed translucent door.
  6718 | Depths:5 | Killed a bone dragon
  6745 | Depths:5 | Found a gate to the Realm of Zot.
  6757 | Zot:1    | Entered Level 1 of the Realm of Zot
  6764 | Zot:1    | Noticed a tentacled monstrosity
  6770 | Zot:1    | You fall into a shaft and drop 1 floor!
  6890 | Zot:3    | Noticed a curse toe
  6901 | Zot:3    | Killed a curse toe
  6901 | Zot:3    | Reached skill level 21 in Armour
  6916 | Zot:3    | You are cast into the Abyss!
  6916 | Zot:3    | Cast into level 3 of the Abyss (yellow draconian knight)
  6919 | Abyss:3  | Reached XP level 19. HP: 126/168 MP: 6/19
  6927 | Abyss:3  | Found a corrupted altar of Lugonu.
  6936 | Zot:3    | Escaped the Abyss
  7000 | Zot:3    | Noticed a Killer Klown
  7023 | Zot:3    | Noticed a Killer Klown
  7046 | Zot:3    | Killed a Killer Klown
  7062 | Zot:3    | Reached skill level 22 in Armour
  7072 | Zot:3    | Killed a Killer Klown
  7104 | Zot:4    | Noticed a golden dragon
  7124 | Zot:5    | Entered Level 5 of the Realm of Zot
  7150 | Zot:5    | Noticed an orb of fire
  7150 | Zot:5    | Noticed an ancient lich
  7151 | Zot:5    | Noticed a Killer Klown
  7151 | Zot:5    | Noticed a Killer Klown
  7152 | Zot:5    | Noticed an electric golem
  7154 | Zot:5    | Noticed a Killer Klown
  7172 | Zot:5    | Got the Orb of Zot
  7175 | Zot:5    | HP: 12/168 [Orb Guardian (24)]
  7176 | Zot:5    | Noticed a Killer Klown
  7178 | Zot:5    | Noticed a Killer Klown
  7178 | Zot:5    | Noticed an ancient lich
  7179 | Zot:5    | Noticed a Killer Klown
  7180 | Zot:5    | Noticed an orb of fire
  7182 | Zot:5    | Noticed an electric golem
  7182 | Zot:5    | Paralysed by a Zot trap for 4 turns
  7193 | Zot:5    | Lost mutation: Your mind is acute. (Int +2) [mutagenic
                  | glow]
  7198 | Zot:5    | Noticed a curse toe
  7201 | Zot:5    | HP: 31/168 [??? (17)]
  7205 | Zot:5    | Gained mutation: You are frail. (-10% HP) [mutagenic glow]
  7216 | Zot:4    | Gained mutation: You are dopey. (Int -2) [mutagenic glow]
  7230 | Zot:4    | Gained mutation: Your magical capacity is very low. (-20%
                  | MP) [mutagenic glow]
  7235 | Zot:4    | Killed a golden dragon
  7285 | Zot:4    | Reached skill level 11 in Evocations
  7293 | Zot:4    | Reached skill level 12 in Evocations
  7330 | Zot:4    | Reached skill level 13 in Evocations
  7374 | Zot:4    | Noticed a curse toe
  7566 | Zot:2    | Reached skill level 14 in Evocations
  7670 | Zot:1    | Noticed a hellephant
  7708 | Zot:1    | Noticed Axagui the pandemonium lord
  7764 | Depths:5 | Found a gateway to a ziggurat.
  7767 | Depths:5 | Paralysed by a floating eye for 3 turns
  7784 | Depths:5 | Paralysed by a floating eye for 2 turns
  7787 | Depths:5 | Paralysed by a floating eye for 3 turns
  7835 | Depths:3 | Noticed a Tzitzimitl
  7942 | D:15     | Noticed a Brimstone Fiend
  7945 | D:15     | Reached skill level 15 in Evocations
  7945 | D:15     | Reached XP level 20. HP: 64/158 MP: 5/5
  7955 | D:15     | Noticed Keelon the pandemonium lord
  7966 | D:15     | HP: 24/158 [Brimstone Fiend/damnation (16)]
  7967 | D:15     | Killed from afar by Keelon the pandemonium lord

Illustrated notes

Levels and vault maps discovered:
D:1:      nzn_arrival_depleted_hourglass, layout_basic
D:2:      layout_basic
D:3:      cheibrodos_fertilizer, layout_basic, portal_sewer_entry_d
D:4:      layout_rooms, nicolae_ru_great_annihilating_truth,
          nicolae_ossuary_entry_monument, minmay_misc_feat_five
D:5:      layout_loops_cross, kennysheep_generic_room_3
D:6:      layout_loops_cross, minmay_temple_entry_wispy, chequers_avenue
D:7:      layout_loops_ring, ebering_ghost_reflecting_pool
D:8:      layout_gridville, serial_shops, shop, uniq_pikel, uniq_prince_ribbit1
D:9:      layout_loops_cross
D:10:     layout_loops_ring, serial_shops, nicolae_shop_behind_doors,
          gammafunk_ghost_grave, elyvilon_altar_5, uniq_sonja
D:11:     layout_basic, grunt_lair_entry_orc_guard_hut, gammafunk_ghost_spectres
D:12:     minmay_open_boxes_in_corner, layout_cross, uniq_jorgrun, uniq_azrael,
          uniq_nessos
D:13:     layout_loops_ring, serial_shops, nicolae_shop_trees,
          gauntlet_entry_generic
D:14:     layout_stronghold, grunt_vaults_entry_tiered, minmay_misc_feat_cross,
          grunt_decor_mini_mirrors
D:15:     gammafunk_depths_entry_grave, layout_basic, corexii_corridor_pit,
          uniq_louise
Temple:   dpeg_three_leaves_temple
Lair:1:   layout_regular_city, beast_lair_carwin_11, uniq_fannar
Lair:2:   layout_long_grid, palyth_hydra_swamp_entry,
          nicolae_spider_entry_non_spiders, gammafunk_ghost_arena,
          serial_bayou_pond_d
Lair:3:   layout_gridlike, beast_lair_carwin_8
Swamp:1:  layout_basic_swamp, gammafunk_ghost_hydra_chop, hangedman_swamp_blocks
Swamp:2:  layout_basic_swamp, evilmike_swamp_ruin_house_5, swamp_pool1,
          st_shrine_of_shade
Swamp:3:  layout_basic_swamp, evilmike_swamp_ruin_rubble_2, uniq_nikola
Swamp:4:  grunt_swamp_rune_castle, layout_basic_swamp, uniq_donald
Spider:1: layout_spider_delve, einodemon_crawler_minivault
Spider:2: layout_spider_delve, portal_ice_cave_entry_pillars_1
Spider:3: layout_spider_delve
Spider:4: guppyfry_spider_rune, gammafunk_ghost_abyssal_escape
Depths:1: layout_forbidden_donut, pan_entry, grunt_hell_entry_dis_mu,
          minmay_misc_feat_iff, kennysheep_generic_room_5
Depths:2: grunt_runaround [grunt_runaround_doors_1, grunt_runaround_doors_2,
          grunt_runaround_doors_3, grunt_runaround_doors_4,
          grunt_runaround_loot], hell_entry
Depths:3: minmay_spriggan_fort, layout_small_grid, nicolae_trove_entry_columns,
          grunt_pan_entry_sceptre, hell_entry, abyss_entry_small_statue_room,
          hangedman_glass_teeth, chequers_serial_rivers_marsh,
          minmay_misc_feat_rows, infiniplex_staircase_zigzag_2
Depths:4: evilmike_cross, layout_gridlike, serial_shops, shop_coins,
          serial_bayou_ford_a, abyss_entry, hell_entry,
          minmay_staircase_windowed_large, uniq_frederick
Depths:5: evilmike_zot_entry_castle, layout_gridlike, enter_ziggurat_c,
          minmay_misc_feat_square, hangedman_geh_valley, minmay_shop_grove
Zot:1:    layout_gridville
Zot:2:    nicolae_zot_stationary_front, layout_basic, st_small_dragon_hoard_1,
          st_large_dragon_hoard_4
Zot:3:    grunt_zot_stairs_faceoff, layout_gridlike
Zot:4:    layout_basic
Zot:5:    layout_twisted_circle, st_stairs_1

Skill      XL: |  1  2  3  4  5  6  7  8  9 10 11 12 13 14 15 16 17 18 19 |
---------------+----------------------------------------------------------+-----
Axes           | 3 4 5 7 8 9 11 13 15 16 17 19 20 | 20.0
Fighting       | 3 4 5 6 7 8 9 10 | 10.0
Armour         | 5 6 7 8 9 11 13 15 18 21 22 | 22.4
Invocations    | 5 8 12 14 | 14.0
Dodging        | 4 8 10 13 15 | 15.3
Shields        | 4 7 |  7.0
Evocations     | 6 7 8 10 15 | 15.0

Action                   |  1- 3 |  4- 6 |  7- 9 | 10-12 | 13-15 | 16-18 | 19-21 || total
-------------------------+-------+-------+-------+-------+-------+-------+-------++-------
Melee: War axe           |    77 |   118 |   284 |   251 |   659 |   528 |   107 ||  2024
       Battleaxe         |       |       |       |    18 |       |   274 |   180 ||   472
Throw: Javelin           |       |       |       |       |     6 |     1 |       ||     7
       Throwing net      |       |       |       |       |       |     2 |     2 ||     4
Invok: Minor Destruction |       |       |       |    13 |     7 |     1 |       ||    21
       Lesser Servant of |       |       |       |     5 |     4 |     3 |     4 ||    16
       Major Destruction |       |       |       |     2 |     7 |       |       ||     9
       Greater Servant o |       |       |       |       |     4 |     3 |     4 ||    11
 Abil: Heal Wounds       |     1 |     2 |     2 |    19 |     9 |     7 |    62 ||   102
       Evoke Blink       |       |       |       |       |     1 |    29 |    25 ||    55
Evoke: Wand              |       |       |       |     8 |    43 |    24 |     8 ||    83
       Lightning rod     |       |       |       |     5 |     9 |    11 |     8 ||    33
       Tin of tremorston |       |       |       |     3 |     6 |    12 |     8 ||    29
       Phial of floods   |       |       |       |       |       |       |     1 ||     1
  Use: Scroll            |       |       |    14 |     5 |    21 |    13 |    13 ||    66
       Potion            |       |       |       |     7 |     4 |     9 |    11 ||    31
 Stab: Sleeping          |       |       |       |    21 |       |     1 |       ||    22
       Invisible         |       |       |       |     5 |       |    44 |     1 ||    50
       Distracted        |       |       |       |       |     5 |     3 |     1 ||     9
       Paralysed         |       |       |       |       |    11 |       |     3 ||    14
       Held in net/web   |       |       |       |       |     1 |     2 |       ||     3
       Fleeing           |       |       |       |       |       |       |     1 ||     1
Armor: Scale mail        |    40 |   127 |    57 |       |       |       |       ||   224
       Plate armour      |       |       |   172 |   260 |   438 |       |       ||   870
       Swamp dragon scal |       |       |       |       |   214 |       |       ||   214
       Chain mail        |       |       |       |       |    55 |   404 |       ||   459
       Skin              |       |       |       |       |       |   143 |       ||   143
       Gold dragon scale |       |       |       |       |       |   265 |   384 ||   649
Dodge: Dodged            |    28 |    76 |    71 |   141 |   825 |  1055 |   340 ||  2536
Block: Kite shield       |    54 |   138 |   160 |   288 |   941 |   748 |   186 ||  2515
       Other             |       |       |       |     5 |       |    70 |    48 ||   123

Table legend: (Time is in decaauts)
 A = Elapsed time spent in this place.
 B = Non-inter-level travel time spent in this place.
 C = Inter-level travel time spent in this place.
 D = Time resting spent in this place.
 E = Time spent auto-exploring this place.
 F = Levels seen in this place.
 G = Mean time per level.
                   A        B        C        D        E       F      G
               +--------+--------+--------+--------+--------+-----+--------+
         Total |   7809 |   7697 |    112 |      0 |      0 |  47 |  166.1 |
       Dungeon |   2158 |   2136 |     22 |      0 |      0 |  15 |  143.9 |
        Temple |     16 |      9 |      7 |      0 |      0 |   1 |   16.0 |
          Lair |    559 |    517 |     42 |      0 |      0 |   3 |  186.3 |
         Swamp |    784 |    784 |      0 |      0 |      0 |   4 |  196.0 |
   Spider Nest |    900 |    881 |     19 |      0 |      0 |   4 |  225.0 |
        Depths |   1008 |    987 |     21 |      0 |      0 |   5 |  201.6 |
           Zot |    882 |    882 |      0 |      0 |      0 |   5 |  176.4 |
         Abyss |    634 |    634 |      0 |      0 |      0 |   6 |  105.7 |
         Sewer |    341 |    341 |      0 |      0 |      0 |   1 |  341.0 |
       Ossuary |    236 |    236 |      0 |      0 |      0 |   1 |  236.0 |
      Ice Cave |    135 |    135 |      0 |      0 |      0 |   1 |  135.0 |
      Gauntlet |    150 |    150 |      0 |      0 |      0 |   1 |  150.0 |
               +--------+--------+--------+--------+--------+-----+--------+

Top non-repeatable levels by time:
Depths:5: 613 daAuts
Spider:4: 487 daAuts
  Lair:2: 453 daAuts
    D:13: 376 daAuts
   Sewer: 341 daAuts
 Abyss:5: 297 daAuts
    D:11: 285 daAuts
 Swamp:4: 274 daAuts
   Zot:2: 257 daAuts
   Zot:3: 237 daAuts
 Ossuary: 236 daAuts
    D:12: 221 daAuts
    D:15: 215 daAuts
 Abyss:4: 211 daAuts
   Zot:4: 195 daAuts
